 Dungeon Crawl Stone Soup version 0.17-a0-968-gf8e1f1d (webtiles) character file.

0 Gorice the Thaumaturge (level 1, 0/10 HPs)
             Began as a Deep Elf Wanderer on May 9, 2015.
             Slain by a giant gecko (1 damage)
             ... on level 1 of the Dungeon.
             The game lasted 00:01:46 (33 turns).

Gorice the Thaumaturge (Deep Elf Wanderer)            Turns: 33, Time: 00:01:47

Health: 0/10       AC:  2    Str:  9    XL:     1   Next: 8%
Magic:  8/12       EV: 11    Int: 14    God:
Gold:   0          SH:  0    Dex: 16    Spells: 1 memorised, 16 levels left

rFire  . . .     SeeInvis .     e - +0 dagger
rCold  . . .     Clarity  .     d - +0 robe
rNeg   . . .     SustAb   .     (no shield)
rPois  .         Gourm    .     (no helmet)
rElec  .         Spirit   .     (no cloak)
rCorr  .         Warding  .     (no gloves)
rMut   .         Stasis   .     (no boots)
MR     .....                    (no amulet)
Stlth  +.........               (no ring)
                                (no ring)

@: very slightly contaminated, not resistant to hostile enchantments, very
unstealthy
A: no striking features
a: no special abilities


You were on level 1 of the Dungeon.
You were not hungry.

You visited 1 branch of the dungeon, and saw 1 of its levels.

Inventory:

Hand weapons
 e - a +0 dagger (weapon)
Armour
 d - a +0 robe (worn)
Magical devices
 a - a wand of magic darts (15)
Books
 b - Ucveadd's Disquisition on Changing

   Spells                             Type                      Level
   a - Beastly Appendage              Transmutation                1
   b - Sticks to Snakes               Transmutation                2
 c - the Volume of Darkness

   Spells                             Type                      Level
   a - Pain                           Necromancy                   1
   b - Regeneration                   Charms/Necromancy            3
Comestibles
 f - a bread ration {!e}
 g - a chunk of flesh


   Skills:
   Level 1.0 Shields
 - Level 8.6 Spellcasting
 * Level 1.3 Necromancy
   Level 1.1 Translocations
 - Level 1.1 Evocations


You had 16 spell levels left.
You knew the following spells:

 Your Spells              Type           Power        Failure   Level  Hunger
a - Pain                  Necr           #...         10%         1    None


Dungeon Overview and Level Annotations

Branches:
Dungeon (1/15)

Altars:


Message History

Casting: Pain
Confirm with . or Enter, or press ? or * to list all spells.
Aiming: Pain
Press: ? - help, Shift-Dir - straight line, f/p - giant newt
Aim: a giant newt (moderately wounded, chance 76%)
You miscast Pain.
You are very lightly contaminated with residual magic.
Nothing appears to happen.
Casting: Pain
Confirm with . or Enter, or press ? or * to list all spells.
Aiming: Pain
Press: ? - help, Shift-Dir - straight line, f/p - giant newt
Aim: a giant newt (moderately wounded, chance 76%)
The giant newt convulses in agony!
You kill the giant newt!
Damage: 1 (max 1)
You see here a giant newt corpse.
You butcher the giant newt corpse.
g - a chunk of flesh You see here a giant newt skeleton.
A giant gecko comes into view.
Found a ring mail.
Sorry, you're not good enough to have a special ability.
Casting: Pain
Confirm with . or Enter, or press ? or * to list all spells.
Okay, then.
Unknown command.
Casting: Pain
Confirm with . or Enter, or press ? or * to list all spells.
Aiming: Pain
Press: ? - help, Shift-Dir - straight line, f - giant gecko
Aim: a giant gecko (clinging, resting, chance 76%)
The giant gecko convulses in agony!
Damage: 1 (max 1)
Casting: Pain
Confirm with . or Enter, or press ? or * to list all spells.
Aiming: Pain
Press: ? - help, Shift-Dir - straight line, f/p - giant gecko
Aim: a giant gecko (heavily wounded, clinging, chance 76%)
The giant gecko barely resists.
The giant gecko bites you.
* * * LOW HITPOINT WARNING * * *
Damage: 5 (max 5) Unknown command.
Casting: Pain
Confirm with . or Enter, or press ? or * to list all spells.
Aiming: Pain
Press: ? - help, Shift-Dir - straight line, f/p - giant gecko
Aim: a giant gecko (heavily wounded, clinging, chance 76%)
The giant gecko barely resists.
The giant gecko bites you.
You die...

###.. # ###...#.# # ..
......#. .# ... ......
..# #####.# #.... ...#
#...#.# #...#[...#
#.<.#.+ #..l.....# #
#...#.# #.@# #
....##'##.#####..###...#
........................
##..#####.##+##.###.....
#. #...#.# #.# .... #
#...'.# #.# ... #...#.#
#.# .# .#####.#####.# #
.........รท....#


You could see a giant gecko.

Vanquished Creatures
  A giant newt (D:1)
1 creature vanquished.

Notes
Turn   | Place    | Note
--------------------------------------------------------------
     0 | D:1      | Gorice, the Deep Elf Wanderer, began the quest for the Orb.
     0 | D:1      | Gorice set off with: a wand of magic darts (15), Ucveadd's Disquisition on Changing, the Volume of Darkness, a +0 robe, a +0 dagger, a bread ration {!e}
     0 | D:1      | Reached XP level 1. HP: 10/10 MP: 12/12
     0 | D:1      | Identified Ucveadd's Disquisition on Changing
     0 | D:1      | Identified the Volume of Darkness
     2 | D:1      | Learned a level 1 spell: Pain
     2 | D:1      | --s9i14d16 8.6 in spellcasting!
    32 | D:1      | HP: 2/10 [giant gecko (4)]
    33 | D:1      | Slain by a giant gecko

Action                   || total
-------------------------++-------
 Cast: Pain              ||     5

Table legend:
 A = Turns spent in this place as a percentage of turns spent in the entire game.
 B = Non-inter-level travel turns spent in this place as a percentage of non-inter-level travel turns spent in the entire game.
 C = Inter-level travel turns spent in this place as a percentage of turns spent in this place.
 D = Turns resting spent in this place as a percentage of non-inter-level travel turns spent in this place.
 E = Turns spent auto-exploring this place as a percentage of non-inter-level travel turns spent in this place.
 F = Non-inter-level travel turns spent in this place divided by the number of levels of this place that you've seen.
                   A       B       C       D       E      F
               +-------+-------+-------+-------+-------+----------------------
         Total | 100.0 | 100.0 |   0.0 |   0.0 |   9.5 |  21.0
       Dungeon | 100.0 | 100.0 |   0.0 |   0.0 |   9.5 |  21.0
               +-------+-------+-------+-------+-------+----------------------

Vault maps used:
D:1:      minmay_arrival_four_houses, grunt_decor_resistance,
          serial_bayou_pond_e, lemuel_old_faithful
